Map: Cactus Valley LE (Void)

Players

Railgan - Winner!

  • Race: Zerg Zerg
  • League: Grandmaster
  • Spawn Location: 11:00

Tiki

  • Race: Protoss Protoss
  • League: Master
  • Spawn Location: 1:00

VOD

Have the link to the VOD?

Description

Time

  • Played on: March 11, 2017, 2:12 p.m.
  • Length: 9:01
Show
View Real Time Build Order
Export as new Build Order

Railgan Zerg - Winner!

Build Orders: Hatch First, Swarm Host 

Get SALT Encoding   

  12  0:01  Drone  
  13  0:12  Overlord  
  13  0:18  Drone  
  14  0:31  Drone x2  
  16  0:36  Drone  
  17  0:52  Hatchery  
  17  0:55  Drone  
  17  0:58  Drone  
  18  1:09  Extractor  
  17  1:13  Spawning Pool  
  17  1:17  Drone  
  17  1:20  Drone  
  18  1:30  Drone  
  19  1:41  Overlord  
  19  1:56  Drone  
  19  2:00  Queen  
  19  2:01  Zergling x2  
  23  2:04  Queen  
  23  2:05  Drone  
  26  2:11  Drone  
  26  2:13  Metabolic Boost  
  27  2:15  Drone  
  28  2:24  Drone  
  28  2:28  Drone  
  30  2:33  Drone  
  31  2:39  Evolution Chamber, Queen  
  31  2:43  Overlord  
  32  2:45  Drone  
  32  2:49  Zergling x2  
  34  2:55  Zergling x2  
  35  3:02  Drone  
  35  3:05  Drone  
  36  3:07  Zerg Melee Weapons Level 1  
  36  3:15  Drone x7  
  43  3:23  Overlord  
  43  3:29  Zergling x2  
  43  3:35  Overlord  
  43  3:37  Extractor x2  
  41  3:48  Lair  
  41  3:49  Drone x5  
  41  3:51  Extractor, Drone  
  46  3:55  Zergling x2  
  46  3:58  Zergling x6  
  46  4:01  Roach Warren  
  46  4:02  Drone  
  50  4:07  Drone  
  51  4:16  Drone x2  
  52  4:22  Overlord  
  52  4:24  Drone x2  
  54  4:25  Overlord  
  54  4:30  Zergling x6  
  57  4:32  Zergling x2  
  57  4:37  Zergling x2  
  59  4:44  Roach  
  61  4:47  Roach  
  62  4:54  Roach  
  62  4:55  Roach x3  
  70  5:00  Infestation Pit  
  70  5:01  Drone  
  70  5:02  Drone  
  71  5:08  Drone x3  
  71  5:10  Glial Reconstitution  
  71  5:11  Zerg Melee Weapons Level 2  
  74  5:15  Hatchery  
  71  5:22  Roach x2  
  71  5:26  Roach  
  75  5:32  Overlord x2  
  75  5:38  Overlord  
  75  5:45  Overlord  
  75  5:47  Pathogen Glands  
  75  5:49  Overlord, Burrow  
  75  5:50  Overseer  
  75  5:52  Roach  
  77  5:59  Roach  
  77  6:00  Roach x2  
  77  6:02  Zergling x2  
  83  6:14  Drone  
  83  6:15  Drone x6  
  84  6:19  Drone  
  85  6:30  Overlord  
  84  6:36  Baneling Nest  
  84  6:38  Swarm Host x4  
  95  6:45  Swarm Host x2  
  101  6:58  Swarm Host x4  
  113  7:01  Drone  
  113  7:03  Drone x2, Zergling x4  
  113  7:04  Zergling x2  
  118  7:20  Swarm Host x3  
  118  7:22  Roach x2  
  125  7:24  Drone x4  
  125  7:25  Overlord  
  129  7:30  Centrifical Hooks  
  129  7:32  Extractor  
  129  7:33  Extractor  
  129  7:36  Queen  
  129  7:46  Drone  
  129  7:49  Zergling x10  
  129  7:50  Overlord  
  133  8:03  Zergling x10  
  138  8:08  Roach x2  
  138  8:17  Baneling x5  
  138  8:18  Baneling x6, Zergling x2  
  138  8:19  Zergling x8  
  144  8:27  Zergling x4  
  144  8:30  Zergling x2  
  144  8:32  Baneling  
  144  8:39  Zergling x4  
  144  8:40  Overlord x2  
  146  8:47  Overseer  
  144  9:00  Hatchery  
Show
View Real Time Build Order
Export as new Build Order

Tiki Protoss 

Build Orders: 1 Gate Expand 

Get SALT Encoding   

  12  0:01  Probe (Chrono Boost)  
  13  0:11  Probe (Chrono Boost)  
  14  0:17  Pylon  
  14  0:22  Probe (Chrono Boost)  
  15  0:35  Probe (Chrono Boost)  
  16  0:36  Gateway  
  16  0:42  Assimilator  
  16  0:46  Probe (Chrono Boost)  
  17  0:56  Probe (Chrono Boost)  
  18  1:07  Probe (Chrono Boost)  
  19  1:20  Nexus  
  19  1:23  Probe (Chrono Boost)  
  20  1:34  Cybernetics Core  
  20  1:36  Probe (Chrono Boost)  
  21  1:41  Assimilator  
  21  1:46  Probe (Chrono Boost)  
  22  1:56  Pylon  
  22  1:57  Probe (Chrono Boost)  
  22  2:00  Warp Gate  
  23  2:11  Adept  
  26  2:16  Probe (Chrono Boost)  
  26  2:27  Twilight Council  
  26  2:28  Probe (Chrono Boost)  
  27  2:33  Probe (Chrono Boost)  
  27  2:34  Adept  
  28  2:40  Probe (Chrono Boost)  
  32  2:45  Probe (Chrono Boost)  
  33  2:52  Probe (Chrono Boost)  
  33  2:55  Gateway  
  33  3:00  Gateway  
  33  3:03  Probe (Chrono Boost)  
  33  3:04  Resonating Glaives  
  33  3:09  Probe (Chrono Boost)  
  34  3:15  Probe (Chrono Boost)  
  36  3:20  Adept  
  36  3:21  Probe (Chrono Boost)  
  39  3:28  Probe (Chrono Boost)  
  39  3:33  Probe (Chrono Boost)  
  39  3:34  Pylon  
  39  3:40  Probe (Chrono Boost)  
  40  3:43  Adept  
  40  3:44  Adept  
  40  3:45  Probe (Chrono Boost)  
  40  3:48  Adept  
  48  3:57  Probe (Chrono Boost)  
  48  3:59  Mothership Core (Chrono Boost)  
  49  4:09  Probe (Chrono Boost)  
  50  4:19  Probe (Chrono Boost)  
  50  4:21  Probe (Chrono Boost)  
  52  4:28  Pylon  
  52  4:31  Probe (Chrono Boost)  
  53  4:33  Probe (Chrono Boost)  
  54  4:39  Pylon  
  54  4:48  Probe x2 (Chrono Boost)  
  54  4:52  Adept x3  
  62  4:58  Nexus  
  62  4:59  Pylon  
  59  5:04  Probe x2 (Chrono Boost)  
  56  5:12  Adept x2  
  59  5:16  Probe (Chrono Boost)  
  59  5:17  Probe (Chrono Boost)  
  60  5:28  Probe (Chrono Boost)  
  62  5:29  Probe (Chrono Boost)  
  62  5:35  Sentry x2  
  64  5:36  Sentry  
  64  5:40  Probe (Chrono Boost)  
  64  5:42  Probe (Chrono Boost)  
  70  5:45  Pylon  
  70  5:48  Robotics Facility  
  70  5:51  Pylon  
  70  5:52  Probe (Chrono Boost)  
  71  5:59  Probe (Chrono Boost)  
  71  6:01  Assimilator x2  
  73  6:04  Pylon, Probe (Chrono Boost)  
  73  6:08  Adept  
  76  6:11  Probe (Chrono Boost)  
  76  6:17  Probe (Chrono Boost)  
  71  6:23  Probe (Chrono Boost)  
  70  6:30  Probe (Chrono Boost)  
  70  6:32  Immortal  
  71  6:34  Forge  
  71  6:35  Probe (Chrono Boost)  
  71  6:39  Gateway x2  
  76  6:42  Probe (Chrono Boost)  
  76  6:46  Gateway  
  77  6:49  Gateway  
  77  6:53  Pylon  
  77  6:59  Probe (Chrono Boost)  
  77  7:00  Probe (Chrono Boost)  
  79  7:08  Adept  
  79  7:10  Stalker  
  79  7:11  Probe (Chrono Boost)  
  79  7:12  Probe (Chrono Boost)  
  85  7:18  Observer  
  88  7:24  Probe x2 (Chrono Boost)  
  88  7:27  Photon Cannon  
  88  7:39  Probe (Chrono Boost)  
  88  7:40  Probe (Chrono Boost)  
  88  7:42  Robotics Facility  
  90  7:46  Observer, Pylon  
  93  7:51  Probe (Chrono Boost)  
  93  7:52  Probe (Chrono Boost)  
  93  7:53  Robotics Bay  
  93  8:04  Probe (Chrono Boost)  
  88  8:16  Probe (Chrono Boost)  
  88  8:18  Nexus  
  88  8:28  Probe (Chrono Boost)  
  96  8:39  Stalker x4  
  96  8:40  Probe (Chrono Boost), Stalker  
  107  8:42  Probe (Chrono Boost)  
  110  8:55  Photon Cannon  
  110  8:58  Pylon  
Tags
 
Add a new tag
Caveats
  • Supply blocks, unpowered buildings, or Contaminate may cause inaccurate times.
  • Supply counts are checked every 10 seconds.